 Dungeon Crawl Stone Soup version 0.31-a0-208-gdb31a4691d (webtiles) character file.

Game seed: 2256595310771757667

65 lunkers the Chiller (level 4, -4/33 HPs)
             Began as a Meteoran Wanderer on June 28, 2023.
             Killed by divine providence
             ... invoked by an orc priest
              (8 damage)
             ... on level 3 of the Dungeon.
             The game lasted 00:03:00 (1032 turns).

lunkers the Chiller (Meteoran Wanderer)             Turns: 1032, Time: 00:03:01

Health: -4/33      AC:  6    Str: 12    XL:     4   Next: 62%
Magic:  6/8        EV: 10    Int: 17    God:
Gold:   100        SH:  5    Dex: 16    Spells: 6/7 levels left

rFire   . . .        a - +6 broad axe "Ultimatum" {holy, Dex+3}
rCold   . . .        b - +0 buckler
rNeg    . . .        d - +0 robe
rPois   .            (no helmet)
rElec   .            (no cloak)
rCorr   .            (no gloves)
SInv    .            (no boots)
Will    .....        (no amulet)
Stlth   +            k - +4 ring of protection
HPRegen 0.25/turn    (no ring)
MPRegen 0.11/turn

%: no passive effects
@: glowing
A: sense surroundings 1, otherworldly, glowing, explore regen
a: no special abilities


You were on level 3 of the Dungeon.
You visited 1 branch of the dungeon, and saw 3 of its levels.

You collected 100 gold pieces.

Inventory:

Hand Weapons
 a - the +6 broad axe "Ultimatum" (weapon) {holy, Dex+3}
   (You acquired it on level 1 of the Dungeon)

   Dex:       It affects your dexterity (+3).
 f - a +0 hand axe
Armour
 b - a +0 buckler (worn)
 d - a +0 robe (worn)
Jewellery
 k - a +4 ring of protection (left hand)
Scrolls
 m - a scroll of identify
Potions
 c - a potion of heal wounds
 e - 2 potions of mutation
 g - 2 potions of curing
 h - a potion of enlightenment
 i - a potion of attraction {unknown}
 j - a potion of lignification {unknown}
 l - 2 potions of brilliance {unknown}


   Skills:
 * Level 3.2 Axes
 - Level 1.2 Armour
 - Level 2.4 Shields
 - Level 2.3 Spellcasting
 - Level 5.0 Ice Magic
 - Level 1.2 Invocations


You had 6 spell levels left.
You knew the following spells:

 Your Spells              Type           Power      Damage    Failure   Level
a - Freeze                Ice            76%        1d8       3%          1

Your spell library contained the following spells:

 Spells                   Type           Power      Damage    Failure   Level
 Frozen Ramparts          Ice            38%        1d6       10%         3
 Ice Form                 Ice/Tmut       10%        N/A       67%         4


Dungeon Overview and Level Annotations

Branches:
Dungeon (3/15) Zot: 762

Altars:


Innate Abilities, Weirdness & Mutations

You passively map a small area around you.
You are easily found by Zot.
You glow in the dark.
You regain HP and MP as you explore.


Message History

No target in view!
(D) Dungeon
Where to? (? - help)
What level of the Dungeon? (default 1, ? - help)
You see here a +0 robe.
There is a stone staircase leading down here.
You climb downwards.
The orc shouts!
There is a stone staircase leading up here.
An orc is nearby!
An orc is nearby!
An orc comes into view. It is wielding a +0 short sword.
An orc priest comes into view. It is wielding a +0 club.
The orc shouts!
The orc priest shouts!
You closely miss the orc.
The orc priest invokes the aid of Beogh against you.
Beogh smites you! The orc barely misses you.
You closely miss the orc.
The orc priest mumbles some strange prayers to Beogh against you.
Beogh smites you!
* * * LOW HITPOINT WARNING * * *
The orc hits you but does no damage. The orc hits you with a +0 hand axe.
* * * LOW HITPOINT WARNING * * *
You closely miss the orc. The orc hits you with a +0 hand axe.
* * * LOW HITPOINT WARNING * * *
Aiming: Freeze (safe; 3% risk of failure)
Press: ? - help, Q - select action Shift-Dir - straight line, f - orc
Aim: an orc, wielding a +0 hand axe You freeze the orc.
The orc is moderately wounded.
You block the orc's attack.
Unknown command.
Aiming: Freeze (safe; 3% risk of failure)
Press: ? - help, Q - select action Shift-Dir - straight line, f/p - orc
Aim: an orc, wielding a +0 hand axe (moderately wounded)
You freeze the orc!
You kill the orc!
The orc priest invokes the aid of Beogh against you.
Beogh smites you!
You die...

* * * , *** *
* , , , *
#############
,
....oo)@..<.#
*
#############
* * , +


You could see an orc priest and an orc.

Vanquished Creatures
  An adder (D:2)
  A worm (D:2)
  2 dart slugs (D:2)
  An orc (D:3)
  2 ball pythons (D:1)
  5 bats
  7 endoplasms
  3 giant cockroaches (D:1)
  5 goblins
  5 hobgoblins (D:1)
  4 jackals
  A quokka (D:2)
  A frilled lizard (D:1)
  2 kobolds (D:2)
  4 rats
44 creatures vanquished.

Notes
Turn   | Place    | Note
-------+----------+-------------------------------------------
     0 | D:1      | lunkers the Meteoran Wanderer began the quest for the Orb.
     0 | D:1      | lunkers set off with the following items: a +0 hand axe, a
                  | +0 buckler, a potion of heal wounds, a +0 robe; and the
                  | following spell memorised: Freeze; and the following spells
                  | available to memorise: Frozen Ramparts, Ice Form.
     0 | D:1      | Reached XP level 1. HP: 14/14 MP: 3/3
    57 | D:1      | Reached XP level 2. HP: 14/20 MP: 1/5
   256 | D:1      | Reached XP level 3. HP: 26/26 MP: 5/7
   282 | D:1      | Reached skill level 5 in Ice Magic
   335 | D:1      | Identified a scroll of acquirement
   335 | D:1      | Acquired the +6 broad axe "Ultimatum" {holy, Dex+3}
   497 | D:1      | Glimpsed the power of Zot.
   546 | D:2      | Reached XP level 4. HP: 28/33 MP: 6/8
  1032 | D:3      | Killed from afar by an orc priest

Illustrated notes

Levels and vault maps discovered:
D:1:      grunt_arrival_lava_bath, layout_basic, grunt_decor_resistance
D:2:      layout_loops_cross, serial_bayou_pond_d
D:3:      layout_basic, bloody_makhleb, jmf_multi_god_temple2,
          nicolae_overflow_two_pavilions

Skill      XL: |  1  2  3  4 |
---------------+-------------+-----
Spellcasting   | 2 |  2.3
Ice Magic      | 5 |  5.0
Axes           | 2 3 |  3.2
Armour         | |  1.2
Shields        | |  2.4
Invocations    | |  1.2

Action                     |  1- 3 |  4- 6 || total
---------------------------+-------+-------++-------
  Melee: Hand axe          |    10 |       ||    10
         Broad axe         |     4 |     3 ||     7
   Cast: Freeze            |    40 |    25 ||    65
    Use: Scroll            |     4 |     2 ||     6
 Armour: Robe              |    11 |     5 ||    16
  Dodge: Dodged            |    23 |    10 ||    33
  Block: Buckler           |     8 |     6 ||    14

Table legend: (Time is in decaauts)
 A = Elapsed time spent in this place.
 B = Non-inter-level travel time spent in this place.
 C = Inter-level travel time spent in this place.
 D = Time resting spent in this place.
 E = Time spent auto-exploring this place.
 F = Levels seen in this place.
 G = Mean time per level.
                   A        B        C        D        E       F      G
               +--------+--------+--------+--------+--------+-----+--------+
         Total |   1037 |   1013 |     24 |      0 |    736 |   3 |  345.7 |
       Dungeon |   1037 |   1013 |     24 |      0 |    736 |   3 |  345.7 |
               +--------+--------+--------+--------+--------+-----+--------+

Top non-repeatable levels by time:
     D:2: 516 daAuts
     D:1: 511 daAuts
     D:3: 9 daAuts
